 Dungeon Crawl Stone Soup version 0.29-a0-1008-g949cc1d0fb (webtiles) character file.

Game seed: 5388883171219141515

544 Monkooky the Charlatan (level 7, -4/53 HPs)
             Began as a Demonspawn Artificer on Aug 7, 2022.
             Was a Priest of Sif Muna.
             Slain by Edmund
             ... wielding a +2 vorpal flail
              (10 damage)
             ... on level 5 of the Dungeon.
             The game lasted 00:18:29 (5727 turns).

Monkooky the Charlatan (Demonspawn Artificer)       Turns: 5727, Time: 00:18:30

Health: -4/53      AC:  5    Str: 12    XL:     7   Next: 6%
Magic:  8/8        EV: 19    Int: 14    God:    Sif Muna [***...]
Gold:   131        SH:  0    Dex: 14    Spells: 3/8 levels left

rFire   + . .      SeeInvis .   h - +3 dagger
rCold   . . .      Faith    .   (no shield)
rNeg    . . .      Spirit   .   o - +1 robe of Tentacled Brilliance {Archmagi}
rPois   .          Reflect  .   (helmet restricted)
rElec   .          Harm     .   (no cloak)
rCorr   .          Rampage  .   (no gloves)
Will    .....      Archmagi +   i - +1 pair of boots
Stlth   ++........              (no amulet)
HPRegen 0.17/turn               v - ring of protection from fire
MPRegen 0.11/turn               (no ring)

@: mighty, agile
A: antennae 2, repulsion field 2, powered by death 1, powered by pain 1
a: Renounce Religion, Channel Magic, Forget Spell


You were on level 5 of the Dungeon.
You worshipped Sif Muna.
Sif Muna was most pleased with you.
You visited 1 branch of the dungeon, and saw 6 of its levels.

You collected 301 gold pieces.
You spent 170 gold pieces at shops.

Inventory:

Hand Weapons
 a - a +0 club
 h - a +3 dagger (weapon)
Missiles
 y - 10 poisoned darts
Armour
 b - a +0 leather armour
 g - a +0 chain mail
 i - a +1 pair of boots (worn)
 o - the +1 robe of Tentacled Brilliance (worn) {Archmagi}
   (You found it on level 2 of the Dungeon)

   Archmagi:  It increases the power of your magical spells.
Jewellery
 f - a ring of fire
 v - a ring of protection from fire (left hand)
Wands
 c - a wand of flame (23)
 d - a wand of charming (11)
 e - a wand of iceblast (9)
 q - a wand of mindburst (8)
Scrolls
 j - 3 scrolls of teleportation {unknown}
 k - a scroll of magic mapping
 l - a scroll of acquirement
 m - 5 scrolls of enchant armour
 r - a scroll of blinking
 s - a scroll of amnesia
 u - 2 scrolls of immolation {unknown}
 B - a scroll of noise {unknown}
 C - 3 scrolls of enchant weapon {unknown}
 D - a scroll of fear {unknown}
 F - a scroll of torment {unknown}
Potions
 n - 2 potions of might
 p - a potion of berserk rage
 t - 2 potions of haste
 w - a potion of ambrosia
 x - 2 potions of heal wounds
 z - 3 potions of curing
 A - a potion of brilliance
 E - a potion of degeneration {unknown}


   Skills:
 - Level 3.8 Fighting
 - Level 1.7 Armour
 - Level 0.8 Dodging
 - Level 0.9 Stealth
 - Level 1.1 Spellcasting
 + Level 0.0 Conjurations
 - Level 4.3 Air Magic
 - Level 4.7 Evocations


You had 3 spell levels left.
You knew the following spells:

 Your Spells              Type           Power      Damage    Failure   Level
a - Shock                 Conj/Air       40%        1d5       11%         1
b - Airstrike             Air            9%         2d(2-18)  41%         4

Your spell library contained the following spells:

 Spells                   Type           Power      Damage    Failure   Level
 Swiftness                Air            19%        N/A       13%         3
 Apportation              Tloc           2%         N/A       26%         1
 Sublimation of Blood     Necr           1%         N/A       36%         2
 Wereblood                Tmut           1%         N/A       36%         2
 Confusing Touch          Hex            1%         N/A       61%         3
 Dazzling Flash           Conj/Hex       2%         N/A       61%         3
 Ozocubu's Armour         Ice            1%         N/A       61%         3
 Iskenderun's Mystic Bla  Conj/Tloc      1%         2d3       95%         4
 Metabolic Englaciation   Hex/Ice        0%         N/A       100%        5
 Yara's Violent Unravell  Hex/Tmut       0%         3d3       100%        5
 Simulacrum               Ice/Necr       0%         N/A       100%        6
 Starburst                Conj/Fire      0%         6d3       100%        6
 Enfeeble                 Hex            0%         N/A       100%        7
 Summon Hydra             Summ           0%         N/A       100%        7


Dungeon Overview and Level Annotations

Branches:
Dungeon (6/15)             Temple (0/1) D:4

Altars:
Sif Muna

Shops:
D:4 !!!   D:5 ?

Annotations:
D:5 Edmund, Prince Ribbit


Innate Abilities, Weirdness & Mutations

You have a pair of antennae on your head.
You are surrounded by a moderate repulsion field. (EV +3)
You regenerate a little health from kills.
You sometimes gain a little power by taking damage.


Message History

Anything else - Cancel.
Okay, then.
Prince Ribbit blinks!
Okay, then.
Aiming: Mindburst
Press: ? - help, Shift-Dir - straight line, f - Edmund
Aim: Edmund, wielding a +2 vorpal flail and wearing a +0 ring mail of fire resistance (chance to affect: 81%) Edmund barely resists.
Unknown command.
As you read the scroll labelled ZIWEQE KYXUK, it crumbles to dust.
It is a scroll of enchant armour.
Your +0 pair of boots glows green for a moment.
Edmund barely misses you.
Aiming: Iceblast
Press: ? - help, Shift-Dir - straight line, p - Edmund
Okay, then.
Aiming: Mindburst
Press: ? - help, Shift-Dir - straight line, f/p - Edmund
Aim: Edmund, wielding a +2 vorpal flail and wearing a +0 ring mail of fire resistance (ally target, chance to affect: 81%) Edmund's mind is blasted!!
Edmund misses you.
Unknown command.
Aiming: Mindburst
Press: ? - help, Shift-Dir - straight line, f/p - Edmund
Aim: Edmund, wielding a +2 vorpal flail and wearing a +0 ring mail of fire resistance (heavily wounded, ally target, chance to affect: 81%) Edmund's mind is blasted!
Edmund hits you with a +2 vorpal flail.
Unknown command.
Aiming: Mindburst
Press: ? - help, Shift-Dir - straight line, f/p - Edmund
Aim: Edmund, wielding a +2 vorpal flail and wearing a +0 ring mail of fire resistance (severely wounded, ally target, chance to affect: 81%) Edmund's mind is blasted!
Edmund hits you with a +2 vorpal flail!
* * * LOW HITPOINT WARNING * * *
You focus on the pain.
You feel agile all of a sudden.
* * * LOW HITPOINT WARNING * * *
Prince Ribbit hits Edmund but does no damage.
Prince Ribbit blinks!
You barely miss Edmund.
Edmund is almost dead.
Edmund hits you with a +2 vorpal flail!
You die...

##.#.....#.##
#.#######.#
##.......##
##..#####
##.## #..#
.#####.###
#....F§...#
########@@#
####


You could see Edmund (ally target) and the friendly Prince Ribbit (charmed).

Vanquished Creatures
  A bullfrog (D:6)
  A necrophage (D:3)
  A scorpion (D:4)
  An orc priest (D:4)
  A hound (D:5)
  An iguana (D:4)
  3 orc wizards
  7 adders
  A worm (D:4)
  11 dart slugs
  9 orcs
  7 ball pythons
  5 bats
  9 endoplasms
  3 giant cockroaches
  15 goblins
  7 hobgoblins
  3 jackals (D:4)
  4 quokkas
  8 frilled lizards
  10 kobolds
  12 rats
120 creatures vanquished.

Vanquished Creatures (collateral kills)
  An endoplasm (D:2)
1 creature vanquished.

Grand Total: 121 creatures vanquished

Notes
Turn   | Place    | Note
-------+----------+-------------------------------------------
     0 | D:1      | Monkooky the Demonspawn Artificer began the quest for the
                  | Orb.
     0 | D:1      | Reached XP level 1. HP: 15/15 MP: 1/1
   283 | D:1      | Gained mutation: You regenerate a little health from kills.
                  | [demonic ancestry]
   283 | D:1      | Reached XP level 2. HP: 22/22 MP: 2/2
   622 | D:1      | Found a faded altar of an unknown god.
   626 | D:1      | Got Plato's Vellum of the Voyage
   627 | D:1      | Prayed at the altar of an unknown god.
   627 | D:1      | Became a worshipper of Sif Muna the Loreminder
   627 | D:1      | Reached * piety under Sif Muna
   771 | D:1      | Gained mutation: You have a pair of small antennae on your
                  | head. [demonic ancestry]
   771 | D:1      | Reached XP level 3. HP: 24/29 MP: 3/3
  1306 | D:2      | Identified the +1 robe of Tentacled Brilliance {Archmagi}
  1394 | D:2      | Reached ** piety under Sif Muna
  1582 | D:2      | Learned a level 1 spell: Shock
  1623 | D:2      | Gained mutation: You are surrounded by a mild repulsion
                  | field. (EV +2) [demonic ancestry]
  1623 | D:2      | Reached XP level 4. HP: 37/37 MP: 4/4
  1713 | D:2      | Reached skill level 1 in Air Magic
  2400 | D:3      | Reached skill level 1 in Spellcasting
  2416 | D:2      | Learned a level 4 spell: Airstrike
  2550 | D:3      | Identified a scroll of acquirement
  2635 | D:3      | Gained mutation: You are surrounded by a moderate repulsion
                  | field. (EV +3) [demonic ancestry]
  2635 | D:3      | Reached XP level 5. HP: 42/42 MP: 4/6
  3093 | D:3      | Reached *** piety under Sif Muna
  3882 | D:4      | Gained mutation: You sometimes gain a little power by
                  | taking damage. [demonic ancestry]
  3882 | D:4      | Reached XP level 6. HP: 48/48 MP: 5/7
  4021 | D:4      | Found Ciq Ucho's Distillery.
  4022 | D:4      | Found Eblenu Ecae's Distillery.
  4099 | D:4      | Bought a potion of heal wounds for 50 gold pieces
  4106 | D:4      | Bought a potion of haste for 120 gold pieces
  4203 | D:4      | Found a staircase to the Ecumenical Temple.
  4717 | D:4      | You fall into a shaft and drop 2 floors!
  4978 | D:5      | Entered Level 5 of the Dungeon
  5022 | D:4      | Found Wigumos's Distillery.
  5341 | D:4      | Gained mutation: You have a pair of antennae on your head.
                  | [demonic ancestry]
  5341 | D:4      | Reached XP level 7. HP: 23/53 MP: 8/8
  5671 | D:5      | Found Sareto's Magic Scroll Shoppe.
  5714 | D:5      | Noticed Prince Ribbit
  5716 | D:5      | Noticed Edmund
  5727 | D:5      | Slain by Edmund

Illustrated notes

Levels and vault maps discovered:
D:1:      elethiomel_arrival_maze, layout_basic,
          shapermc_ecumenical_altar_rom_forum
D:2:      minmay_razor_zed, layout_basic, minmay_vboxes
D:3:      kennysheep_slugbush, layout_basic, chequers_serial_rivers_micro_c,
          minmay_misc_feat_tower, minmay_strange_pillars
D:4:      layout_basic, temple_green, serial_shops, nicolae_square_shop,
          nicolae_shop_crystal, nicolae_shop_advertising_works
          [nicolae_subvault_shop_adworks]
D:5:      layout_rooms, lemuel_blue_sif_altar, kennysheep_pointless_box,
          nicolae_take_the_stairs, uniq_edmund, uniq_prince_ribbit1
D:6:      layout_rooms

Skill      XL: |  1  2  3  4  5  6 |
---------------+-------------------+-----
Fighting       | 2 3 |  3.8
Air Magic      | 1 4 |  4.3
Spellcasting   | 1 |  1.1
Evocations     | 4 |  4.7
Armour         | |  1.7
Dodging        | |  0.8
Stealth        | |  0.9

Action                   |  1- 3 |  4- 6 |  7- 9 || total
-------------------------+-------+-------+-------++-------
Melee: Dagger            |   119 |   135 |     3 ||   257
       Club              |     2 |       |       ||     2
       Punch             |     2 |       |       ||     2
 Cast: Shock             |       |    97 |     5 ||   102
Evoke: Wand              |       |    11 |     7 ||    18
  Use: Scroll            |       |     9 |     1 ||    10
       Potion            |       |     1 |       ||     1
 Stab: Sleeping          |     1 |     1 |     1 ||     3
Armor: Chain mail        |    83 |       |       ||    83
       Robe              |       |    26 |     4 ||    30
Dodge: Dodged            |    28 |   107 |     9 ||   144

Table legend: (Time is in decaauts)
 A = Elapsed time spent in this place.
 B = Non-inter-level travel time spent in this place.
 C = Inter-level travel time spent in this place.
 D = Time resting spent in this place.
 E = Time spent auto-exploring this place.
 F = Levels seen in this place.
 G = Mean time per level.
                   A        B        C        D        E       F      G
               +--------+--------+--------+--------+--------+-----+--------+
         Total |   5743 |   5442 |    301 |    240 |   4165 |   6 |  957.2 |
       Dungeon |   5743 |   5442 |    301 |    240 |   4165 |   6 |  957.2 |
               +--------+--------+--------+--------+--------+-----+--------+

Top non-repeatable levels by time:
     D:3: 1494 daAuts
     D:4: 1292 daAuts
     D:2: 1291 daAuts
     D:1: 1243 daAuts
     D:6: 260 daAuts
     D:5: 161 daAuts
